Map: [ESL] Equilibrium

Players

Bunny - Winner!

  • Race: Terran Terran
  • Spawn Location: 11:00

SHIN

  • Race: Zerg Zerg
  • Spawn Location: 1:00

Event: IEM Katowice 2024

VOD

Have the link to the VOD?

Description

Time

  • Played on: Dec. 6, 2023, 6:33 a.m.
  • Length: 16:06

All games in this series

Show
View Real Time Build Order
Export as new Build Order

Bunny Terran - Winner!

Build Orders: Reaper Expand, Banshee Rush 

Get SALT Encoding   

  12  0:00  SCV  
  13  0:12  SCV  
  14  0:17  Supply Depot  
  14  0:24  SCV  
  15  0:39  SCV  
  15  0:40  Barracks  
  15  0:42  Refinery  
  16  0:51  SCV  
  17  1:03  SCV  
  18  1:15  SCV  
  19  1:26  Reaper  
  19  1:27  Orbital Command  
  20  1:38  Command Center  
  20  1:45  Supply Depot  
  20  1:52  SCV  
  21  1:58  Marine  
  22  2:04  SCV  
  22  2:07  Factory  
  23  2:16  SCV  
  23  2:20  Barracks Reactor  
  24  2:29  SCV  
  25  2:34  Command Center  
  25  2:41  SCV  
  26  2:52  Orbital Command  
  26  2:53  Hellion, SCV  
  28  3:00  Starport  
  28  3:05  Marine, SCV  
  29  3:07  Marine  
  31  3:14  Refinery  
  31  3:16  Factory Tech Lab  
  31  3:17  SCV  
  31  3:18  SCV  
  33  3:26  Marine  
  34  3:29  SCV, Marine  
  34  3:30  SCV  
  37  3:41  SCV  
  37  3:42  SCV  
  37  3:44  Banshee, Marine  
  37  3:47  Orbital Command, Marine  
  44  3:53  SCV  
  44  3:54  SCV  
  46  3:59  Cloaking Field  
  46  4:05  SCV  
  46  4:06  SCV  
  48  4:11  Barracks  
  48  4:13  Factory Reactor  
  48  4:14  SCV  
  49  4:17  Barracks  
  49  4:18  Barracks Tech Lab, SCV  
  49  4:19  SCV  
  51  4:32  Banshee  
  51  4:33  SCV x3, Supply Depot  
  51  4:37  Marine  
  54  4:46  SCV x3  
  54  4:51  Stimpack, Refinery, Engineering Bay x2  
  54  4:52  Refinery  
  57  4:58  Barracks, SCV x2  
  57  4:59  Orbital Command, Barracks  
  59  5:05  Marine x3  
  62  5:08  Supply Depot  
  62  5:10  SCV x2  
  64  5:14  Marine x2  
  66  5:22  SCV x2  
  66  5:23  Supply Depot, Terran Infantry Weapons Level 1, Terran Infantry Armor Level 1, Marine  
  69  5:29  Marine x2  
  69  5:30  Supply Depot  
  69  5:33  Starport Reactor  
  69  5:35  SCV x3  
  73  5:36  Supply Depot  
  73  5:40  Siege Tank  
  77  5:44  Marine x3  
  77  5:47  Barracks Reactor  
  80  5:50  Barracks Reactor  
  80  5:52  SCV  
  80  5:53  SCV x2  
  80  5:54  Supply Depot  
  83  5:59  Marine x2  
  83  6:02  Marine x3  
  87  6:05  SCV x3  
  87  6:08  Supply Depot  
  87  6:10  Medivac  
  92  6:11  Medivac  
  92  6:16  Marine  
  92  6:17  Marine  
  96  6:20  Siege Tank, Marine x3  
  96  6:22  SCV x3  
  96  6:24  Supply Depot, Refinery  
  105  6:26  Supply Depot  
  105  6:27  Marine  
  105  6:28  Marine x3  
  109  6:34  Marine  
  109  6:39  Marine  
  108  6:40  Marine x3  
  108  6:41  Medivac  
  108  6:42  Medivac  
  108  6:45  Marine  
  117  6:48  SCV x3  
  117  6:53  Command Center  
  117  6:56  Marine x4  
  117  6:57  Marine  
  118  7:01  Factory  
  118  7:03  Armory, SCV x3  
  118  7:08  Combat Shield, Marine x2  
  123  7:11  Supply Depot  
  123  7:12  Supply Depot  
  123  7:13  Siege Tank  
  126  7:20  Supply Depot, Refinery  
  126  7:21  Marine  
  126  7:22  Supply Depot, Marine x6  
  133  7:32  Marine  
  133  7:36  Medivac x2  
  138  7:41  Marine x6  
  142  7:45  Siege Tank  
  142  7:47  Supply Depot x2  
  142  7:49  SCV x3  
  148  7:53  Terran Infantry Weapons Level 2  
  144  8:02  Factory Tech Lab  
  144  8:03  Terran Infantry Armor Level 2  
  144  8:05  Marine x8  
  142  8:06  Marine  
  145  8:13  Barracks  
  145  8:14  Barracks  
  145  8:17  Medivac  
  145  8:19  Barracks, Medivac  
  148  8:23  Siege Tank, Marine x3  
  150  8:31  Siege Tank  
  150  8:33  Marine x6  
  157  8:35  Concussive Shells  
  157  8:41  Terran Vehicle Weapons Level 1, Marine x2  
  158  8:43  SCV x2  
  158  8:44  SCV  
  162  8:48  Marine  
  162  8:51  Marine x3  
  162  8:52  Marauder  
  162  8:53  Planetary Fortress  
  168  8:55  SCV  
  168  8:56  SCV x2  
  168  8:58  Marine x2  
  173  9:04  Siege Tank  
  173  9:07  Siege Tank  
  179  9:10  Supply Depot  
  179  9:13  Barracks Tech Lab x3, Marauder  
  179  9:18  Marine x8  
  187  9:28  Medivac x2  
  191  9:34  Marauder  
  191  9:35  Marine  
  191  9:36  Marine x6  
  191  9:37  Missile Turret  
  197  9:49  Command Center, Marauder  
  199  9:53  Marine  
  199  9:56  Marine  
  200  10:10  Terran Infantry Weapons Level 3  
  200  10:14  Command Center, Factory, Refinery  
  193  10:15  Command Center, Refinery  
  193  10:19  Marine, Marauder x4  
  188  10:36  Siege Tank x2, Marine  
  188  10:40  Marauder x4  
  188  10:42  Medivac x2  
  164  10:43  Marine x4  
  164  10:47  Marine x2  
  154  10:54  Terran Infantry Armor Level 3  
  152  11:01  Marauder  
  152  11:02  Marauder x3  
  152  11:04  Factory Tech Lab  
  160  11:05  SCV x3  
  160  11:08  Siege Tank  
  160  11:10  Marine  
  160  11:11  Marine x5  
  169  11:12  Marine x2  
  173  11:22  Marine x2  
  173  11:23  Marauder x2  
  179  11:26  Medivac x2  
  179  11:28  Marine  
  179  11:29  Marine  
  179  11:31  Marine x5  
  176  11:33  Marine  
  170  11:41  Marauder x2  
  170  11:44  Siege Tank, Marauder, Marine  
  170  11:46  SCV, Marine  
  100  11:47  Orbital Command  
  177  11:48  Orbital Command  
  177  11:55  Siege Tank  
  180  12:02  Marauder x2  
  180  12:04  Siege Tank  
  180  12:06  Planetary Fortress, Sensor Tower  
  187  12:09  Marine x2  
  187  12:10  Marine  
  190  12:17  Terran Vehicle Weapons Level 2  
  190  12:20  Marauder x2  
  194  12:24  Missile Turret  
  194  12:25  Sensor Tower  
  194  12:26  Siege Tank  
  194  12:27  Siege Tank  
  200  12:50  Ghost Academy  
  197  12:58  Siege Tank x2  
  200  13:04  Barracks  
  200  13:05  Barracks, Unknown  
  200  13:06  Barracks, Command Center  
  200  13:08  Missile Turret  
  199  13:23  Marauder x3, Marine x9  
  199  13:26  Siege Tank  
  187  13:30  Siege Tank x2  
  187  13:31  Medivac x2  
  178  13:40  Marine  
  178  13:41  Marauder, Marine  
  178  13:42  Marine x3  
  178  13:44  Marauder  
  178  13:45  Marauder  
  178  13:48  Marine x3  
  171  13:57  Marauder  
  171  13:58  Siege Tank  
  171  14:02  Siege Tank x2  
  174  14:03  Marauder  
  174  14:06  Marauder x2  
  175  14:16  Marine x4  
  175  14:17  Marine  
  179  14:21  Marine x4  
  184  14:26  Liberator x2  
  184  14:29  Marauder  
  184  14:30  Siege Tank, Marauder  
  193  14:32  Missile Turret  
  193  14:33  Marauder  
  193  14:34  Siege Tank  
  193  14:36  Marine x2  
  200  14:42  Sensor Tower  
  199  14:47  Ghost  
  199  14:51  Marauder  
  200  15:10  Missile Turret x2  
  200  15:21  Siege Tank x2  
  184  16:01  Command Center  
Show
View Real Time Build Order
Export as new Build Order

SHIN Zerg 

Build Orders: Hatch First, Lurkers 

Get SALT Encoding   

  12  0:00  Drone  
  13  0:08  Drone  
  14  0:14  Extractor, Drone  
  15  0:36  Hatchery  
  15  0:41  Extractor  
  15  0:42  Drone  
  15  0:47  Overlord  
  15  1:02  Spawning Pool  
  14  1:06  Drone  
  14  1:11  Drone  
  16  1:12  Drone  
  16  1:17  Drone  
  18  1:27  Drone  
  19  1:35  Extractor  
  19  1:38  Drone  
  19  1:48  Queen x2  
  19  1:49  Zergling x2  
  19  1:50  Drone  
  25  2:00  Drone, Overlord  
  26  2:11  Drone x2  
  28  2:20  Drone  
  28  2:21  Drone  
  30  2:24  Queen  
  32  2:30  Overlord  
  32  2:32  Drone  
  33  2:42  Drone x2  
  35  2:52  Drone  
  35  2:53  Hatchery  
  35  2:54  Drone  
  35  2:55  Drone  
  35  2:56  Drone  
  37  2:59  Drone  
  37  3:01  Drone  
  37  3:04  Metabolic Boost  
  39  3:09  Overlord  
  39  3:11  Drone  
  39  3:12  Drone  
  41  3:15  Drone  
  41  3:16  Drone  
  43  3:23  Drone  
  43  3:26  Overlord  
  44  3:27  Queen  
  44  3:34  Zergling x6  
  47  3:36  Queen  
  47  3:40  Zergling x2  
  52  3:45  Zergling x2  
  53  3:49  Zergling x2  
  54  3:57  Drone  
  54  3:58  Overlord  
  54  4:00  Drone  
  54  4:01  Drone  
  54  4:02  Drone  
  58  4:03  Drone x2  
  58  4:04  Queen  
  58  4:05  Drone  
  58  4:06  Queen  
  58  4:08  Drone  
  66  4:12  Overlord  
  66  4:16  Queen  
  68  4:19  Drone x2  
  68  4:20  Drone  
  71  4:27  Drone  
  72  4:31  Drone  
  72  4:32  Drone  
  72  4:35  Drone  
  72  4:36  Drone  
  72  4:37  Drone x2  
  72  4:38  Drone x2  
  80  4:40  Drone  
  80  4:41  Drone  
  80  4:42  Drone  
  80  4:45  Drone x3  
  81  4:48  Lair  
  81  4:50  Drone, Spore Crawler  
  81  4:51  Extractor, Spore Crawler x2, Drone  
  78  4:57  Drone, Baneling Nest  
  78  5:02  Drone x2  
  78  5:03  Extractor  
  78  5:05  Extractor, Drone  
  78  5:06  Extractor  
  80  5:07  Extractor  
  80  5:12  Drone  
  80  5:13  Drone  
  81  5:14  Hatchery  
  81  5:16  Drone  
  81  5:18  Drone  
  81  5:20  Evolution Chamber  
  83  5:23  Evolution Chamber, Overlord x2  
  83  5:24  Overlord  
  82  5:29  Extractor  
  82  5:32  Drone  
  82  5:36  Overlord  
  82  5:38  Zergling x4  
  82  5:41  Overlord  
  82  5:44  Overlord  
  82  5:45  Zergling x8  
  82  5:47  Zerg Ground Armor Level 1  
  82  5:49  Zerg Melee Weapons Level 1, Centrifugal Hooks  
  86  5:54  Zergling x12, Hydralisk Den  
  91  6:01  Zergling x2  
  92  6:06  Overlord  
  92  6:07  Zergling x2  
  92  6:08  Zergling x8  
  92  6:10  Zergling x4  
  92  6:11  Overseer  
  99  6:15  Zergling x4  
  99  6:16  Overseer  
  99  6:18  Queen  
  99  6:20  Zergling x2  
  99  6:21  Queen  
  99  6:22  Zergling x6  
  105  6:26  Overlord  
  105  6:27  Drone x2  
  105  6:28  Muscular Augments  
  107  6:33  Hydralisk x3  
  107  6:37  Hydralisk x2  
  107  6:39  Hydralisk x2  
  115  6:45  Drone x3  
  115  6:46  Drone x2  
  124  6:48  Drone  
  124  6:53  Hydralisk  
  119  6:55  Hydralisk  
  119  6:57  Drone  
  119  6:58  Drone x2  
  119  6:59  Drone x2  
  120  7:03  Drone x2  
  120  7:05  Overseer  
  120  7:07  Baneling x5  
  122  7:11  Zergling x6, Hatchery  
  122  7:13  Overseer  
  122  7:15  Drone x3  
  127  7:19  Overlord  
  127  7:21  Hydralisk x2  
  131  7:23  Overseer  
  129  7:30  Zergling x16  
  129  7:32  Grooved Spines  
  129  7:34  Drone x2  
  129  7:37  Drone x4  
  142  7:42  Zergling x6  
  143  7:45  Zerg Melee Weapons Level 2  
  143  7:46  Extractor  
  143  7:47  Zerg Ground Armor Level 2  
  142  7:52  Zergling x10  
  142  7:55  Extractor  
  142  8:00  Zergling x6, Hydralisk  
  142  8:01  Zergling x6  
  142  8:04  Zergling x8  
  152  8:12  Overlord x2  
  152  8:17  Hatchery  
  152  8:19  Overlord x3  
  148  8:28  Zergling x6  
  148  8:31  Zergling x12  
  148  8:32  Baneling  
  148  8:33  Baneling x2  
  157  8:36  Infestation Pit  
  157  8:37  Drone x5  
  157  8:40  Overseer x2  
  161  8:44  Pneumatized Carapace  
  161  8:45  Zergling x2  
  161  8:46  Zergling x4  
  164  8:49  Drone  
  164  8:50  Unknown  
  164  8:52  Zergling x6  
  167  8:58  Zergling x10  
  167  9:00  Baneling x17  
  170  9:08  Zergling x16  
  178  9:15  Hive  
  178  9:17  Burrow  
  178  9:18  Zergling x2  
  178  9:19  Zergling x6  
  182  9:27  Zergling x16  
  190  9:33  Zergling x14  
  193  9:40  Baneling x18  
  193  9:45  Baneling x2  
  191  9:50  Overlord x2  
  190  9:53  Zergling x14  
  190  9:57  Zergling x10  
  194  10:09  Zergling x12  
  198  10:16  Baneling x20  
  198  10:17  Baneling x5  
  198  10:19  Zergling x10  
  198  10:27  Zergling x14  
  200  10:33  Zergling x14  
  192  10:37  Hydralisk  
  192  10:38  Zergling x12  
  192  10:40  Hydralisk x2  
  157  10:43  Zerg Melee Weapons Level 3  
  157  10:44  Drone x3  
  157  10:45  Queen  
  157  10:46  Extractor  
  153  10:50  Zerg Ground Armor Level 3  
  153  10:51  Drone x5  
  153  10:55  Spore Crawler  
  156  10:57  Zergling x14  
  156  10:58  Overseer  
  156  11:00  Baneling x5  
  156  11:02  Zergling x6  
  156  11:04  Baneling x4  
  161  11:05  Hatchery  
  161  11:10  Zergling x4  
  162  11:15  Zergling x6  
  162  11:17  Zergling x6  
  168  11:25  Extractor  
  160  11:26  Drone x3, Spawning Pool  
  160  11:28  Lurker Den  
  160  11:29  Drone x3  
  161  11:39  Infestor x3  
  153  11:42  Hydralisk  
  153  11:43  Drone x3  
  153  11:45  Drone  
  153  11:46  Drone x5  
  163  11:50  Drone  
  164  11:56  Hydralisk x4  
  164  12:00  Drone  
  164  12:01  Drone  
  166  12:11  Spawning Pool  
  166  12:13  Infestor  
  167  12:19  Drone, Spore Crawler  
  167  12:20  Zergling x44, Extractor  
  167  12:22  Baneling x17  
  188  12:27  Spore Crawler  
  186  12:30  Overseer  
  186  12:33  Drone  
  186  12:34  Drone x2  
  186  12:36  Drone x2  
  187  12:39  Baneling x15  
  187  12:43  Zergling x2  
  187  12:44  Zergling x14  
  194  12:47  Baneling x7  
  194  12:50  Infestor  
  194  12:51  Zergling x12  
  196  12:53  Baneling  
  196  12:54  Baneling x6  
  196  12:55  Zergling x14  
  200  13:03  Infestor  
  200  13:05  Baneling x12  
  200  13:17  Zergling x6  
  195  13:21  Zerg Missile Weapons Level 1  
  195  13:22  Hydralisk  
  195  13:23  Zergling x38  
  180  13:30  Zergling x2, Hydralisk  
  180  13:33  Hydralisk  
  158  13:42  Zergling x12  
  158  13:43  Baneling x14  
  158  13:44  Hydralisk x3  
  158  13:46  Viper  
  157  13:48  Zergling x8  
  157  13:51  Hydralisk x3  
  152  13:55  Hydralisk x2  
  152  13:56  Hydralisk  
  152  13:58  Hydralisk  
  152  14:01  Hydralisk x2  
  153  14:03  Zergling x2  
  153  14:06  Hydralisk  
  153  14:07  Hydralisk  
  153  14:08  Hydralisk  
  154  14:11  Baneling x4  
  154  14:12  Baneling  
  154  14:14  Drone x3  
  154  14:17  Zergling x8  
  158  14:18  Baneling x3  
  158  14:19  Lurker  
  158  14:22  Queen x4, Overlord x5  
  158  14:23  Zergling x2  
  163  14:27  Zergling x2  
  162  14:42  Lurker x6  
  162  14:43  Zergling x16  
  162  14:44  Zergling x14  
  172  14:48  Seismic Spines  
  172  14:51  Hydralisk x2  
  172  14:52  Zergling x10  
  178  14:54  Hydralisk  
  178  14:55  Hydralisk  
  182  15:00  Zergling x2, Infestor  
  182  15:01  Zergling x2  
  186  15:07  Lurker x2  
  186  15:09  Zergling x12  
  186  15:13  Viper  
  194  15:20  Zergling x10  
  194  15:26  Hydralisk  
  194  15:27  Zergling x10  
  195  15:28  Baneling x11  
  195  15:29  Baneling x3  
  195  15:32  Zergling x4  
  194  15:37  Zergling x12  
  194  15:41  Hydralisk  
  194  15:42  Hydralisk x3  
  189  15:45  Zergling x6  

Tags
 
Add a new tag
Caveats
  • Supply blocks, unpowered buildings, or Contaminate may cause inaccurate times.
  • Supply counts are checked every 10 seconds.